General information
- name: BNet
- type: Ladder team game (AT/RT)
- host: Battle.net
- saver: ESPECIALLY_DRUN
map: Friends
- players: 8
- length: 22:24
- speed: Fast
- version: 1.26 W3XP
- replay type: Public
» download(170 KB)
Players
team 1 (winner)
send_2_hell (
green | 45 APM | 999 actions | 22:21)
5 Blood Mage
3 Flame Strike
2 Banish
» actions
| Assign group hotkey | 33 | |
| Basic commands | 8 | |
| Build / train | 78 | |
| ESC pressed | 6 | |
| Enter build submenu | 26 | |
| Enter hero's abilities submenu | 6 | |
| Right click | 519 | |
| Select / deselect | 224 | |
| Select group hotkey | 38 | |
| Use ability | 61 | |
999 total
» units
| Peasant | 13 | |
| Footman | 9 | |
| Priest | 11 | |
| Knight | 10 | |
| Goblin Shredder | 1 | |
44 total
» upgrades
| Masonry | 3 | |
| Swords | 3 | |
| Priest Training | 2 | |
| Magic Sentry | 1 | |
| Animal War Training | 1 | |
| Lumber Harvesting | 2 | |
| Plating | 2 | |
14 total
» buildings
| Altar of Kings | 1 | |
| Farm | 16 | |
| Barracks | 2 | |
| Lumber Mill | 1 | |
| Arcane Vault | 1 | |
| Scout Tower | 14 | |
| Arcane Tower | 4 | |
| Guard Tower | 8 | |
| Keep | 1 | |
| Blacksmith | 1 | |
| Castle | 1 | |
| Arcane Sanctum | 2 | |
| Town Hall | 1 | |
53 total
» build order
00:23 Altar of Kings
00:39 Farm
00:42 Farm
00:55 Barracks
01:28 Lumber Mill
02:15 Arcane Vault
02:37 Farm
02:38 Farm
02:41 Farm
03:03 Scout Tower
03:04 Scout Tower
03:06 Scout Tower
03:40 Arcane Tower
04:42 Guard Tower
04:46 Scout Tower
05:00 Scout Tower
05:01 Scout Tower
05:06 Farm
05:07 Farm
05:14 Keep
05:22 Guard Tower
05:27 Scout Tower
05:31 Scout Tower
05:37 Guard Tower
06:00 Arcane Tower
06:02 Guard Tower
06:29 Arcane Tower
06:47 Blacksmith
07:59 Castle
08:06 Arcane Sanctum
08:07 Arcane Sanctum
08:52 Farm
08:53 Farm
09:51 Barracks
10:10 Scout Tower
11:03 Arcane Tower
11:08 Scout Tower
11:55 Guard Tower
12:01 Farm
12:03 Farm
12:04 Farm
12:05 Farm
13:10 Scout Tower
13:14 Scout Tower
13:17 Scout Tower
13:47 Guard Tower
15:02 Guard Tower
16:42 Scout Tower
16:46 Farm
16:46 Farm
16:47 Farm
17:43 Town Hall
17:54 Guard Tower

»
LoUiSvUtToN (
yellow | 64 APM | 1433 actions | 22:21)
5 Death Knight
3 Death Coil
2 Unholy Aura
3 Crypt Lord
2 Impale
1 Spiked Carapace
4 Dreadlord
2 Sleep
2 Carrion Swarm
» actions
| Assign group hotkey | 42 | |
| Basic commands | 186 | |
| Build / train | 94 | |
| ESC pressed | 2 | |
| Enter build submenu | 25 | |
| Enter hero's abilities submenu | 12 | |
| Give item / drop item | 1 | |
| Remove unit from queue | 1 | |
| Right click | 399 | |
| Select / deselect | 271 | |
| Select group hotkey | 334 | |
| Use ability | 66 | |
1433 total
» units
| Acolyte | 2 | |
| Ghoul | 4 | |
| Crypt Fiend | 6 | |
| Frost Wyrm | 15 | |
27 total
» upgrades
| Creature Attack | 3 | |
| Creature Carapace | 3 | |
| Web | 1 | |
| Freezing Breath | 1 | |
8 total
» buildings
| Crypt | 1 | |
| Ziggurat | 10 | |
| Altar of Darkness | 1 | |
| Graveyard | 1 | |
| Tomb of Relics | 1 | |
| Nerubian Tower | 7 | |
| Halls of the Dead | 3 | |
| Black Citadel | 3 | |
| Sacrificial Pit | 1 | |
| Boneyard | 2 | |
| Spirit Tower | 7 | |
37 total
» build order
00:20 Crypt
00:24 Ziggurat
00:54 Altar of Darkness
01:11 Ziggurat
01:23 Graveyard
02:11 Tomb of Relics
02:16 Ziggurat
02:19 Ziggurat
02:26 Nerubian Tower
03:25 Halls of the Dead
03:26 Halls of the Dead
03:26 Halls of the Dead
05:56 Black Citadel
05:56 Black Citadel
06:01 Sacrificial Pit
08:04 Ziggurat
08:06 Ziggurat
08:40 Boneyard
09:15 Boneyard
09:27 Ziggurat
11:39 Ziggurat
11:43 Ziggurat
16:21 Spirit Tower
16:21 Spirit Tower
16:21 Spirit Tower
16:26 Spirit Tower
16:26 Spirit Tower
16:52 Ziggurat
17:32 Nerubian Tower
17:33 Nerubian Tower
17:33 Nerubian Tower
17:46 Nerubian Tower
17:47 Nerubian Tower
» items
| Dust of Appearance | 1 | |
| Rod of Necromancy | 1 | |
| Orb of Corruption | 1 | |
| Scroll of Town Portal | 1 | |
| Potion of Healing | 2 | |
6 total

»
MyDiccsBigTho (
purple | 60 APM | 1331 actions | 22:21)
6 Blademaster
3 Wind Walk
2 Critical Strike
1 Bladestorm
5 Shadow Hunter
2 Hex
3 Healing Wave
» actions
| Assign group hotkey | 33 | |
| Build / train | 65 | |
| ESC pressed | 2 | |
| Enter build submenu | 27 | |
| Enter hero's abilities submenu | 12 | |
| Give item / drop item | 2 | |
| Right click | 550 | |
| Select / deselect | 246 | |
| Select group hotkey | 288 | |
| Use ability | 106 | |
1331 total
» units
| Peon | 11 | |
| Grunt | 4 | |
| Shaman | 5 | |
| Tauren | 7 | |
27 total
» upgrades
| Shaman Training | 2 | |
| Armor | 1 | |
| Reinforced Defenses | 1 | |
| Melee Weapons | 1 | |
| Pulverize | 1 | |
6 total
» buildings
| Altar of Storms | 1 | |
| Orc Burrow | 11 | |
| Barracks | 1 | |
| Voodoo Lounge | 1 | |
| Stronghold | 1 | |
| War Mill | 1 | |
| Spirit Lodge | 1 | |
| Great Hall | 1 | |
| Fortress | 1 | |
| Tauren Totem | 4 | |
| Watch Tower | 4 | |
27 total
» build order
00:24 Altar of Storms
00:36 Orc Burrow
00:55 Barracks
01:53 Orc Burrow
02:19 Voodoo Lounge
03:51 Stronghold
04:10 Orc Burrow
06:25 War Mill
06:30 Spirit Lodge
06:40 Great Hall
07:58 Fortress
08:43 Orc Burrow
10:58 Tauren Totem
10:59 Tauren Totem
11:18 Orc Burrow
11:19 Orc Burrow
11:22 Orc Burrow
12:17 Tauren Totem
12:19 Tauren Totem
14:45 Orc Burrow
14:45 Orc Burrow
14:54 Orc Burrow
18:03 Orc Burrow
18:51 Watch Tower
18:52 Watch Tower
18:53 Watch Tower
18:55 Watch Tower
» items
| Healing Salve | 6 | |
| Lesser Clarity Potion | 4 | |
| Potion of Mana | 1 | |
| Scroll of Town Portal | 1 | |
| Orb of Lightning | 1 | |
| Scroll of Speed | 1 | |
| Inferno Stone | 1 | |
| Healing Wards | 1 | |
| Scourge Bone Chimes | 1 | |
17 total

»
ESPECIALLY_DRUN (
blue | 64 APM | 1431 actions | 22:24)
6 Keeper of the Grove
2 Force of Nature
3 Entangling Roots
1 Tranquility
» actions
| Assign group hotkey | 29 | |
| Build / train | 76 | |
| Enter build submenu | 23 | |
| Enter hero's abilities submenu | 6 | |
| Remove unit from queue | 2 | |
| Right click | 659 | |
| Select / deselect | 232 | |
| Select group hotkey | 334 | |
| Use ability | 70 | |
1431 total
» units
| Wisp | 37 | |
| Archer | 3 | |
| Huntress | 7 | |
| Goblin Shredder | 1 | |
48 total
» upgrades
| Nature's Blessing | 1 | |
| Strength of the Wild | 2 | |
| Reinforced Hides | 2 | |
5 total
» buildings
| Moon Well | 6 | |
| Altar of Elders | 2 | |
| Ancient of War | 2 | |
| Tree of Ages | 3 | |
| Hunter's Hall | 1 | |
| Tree of Life | 2 | |
| Ancient Protector | 13 | |
| Ancient of Wonders | 2 | |
| Tree of Eternity | 1 | |
| Ancient of Wind | 2 | |
34 total
» build order
00:10 Moon Well
00:20 Altar of Elders
00:55 Ancient of War
01:35 Moon Well
02:14 Moon Well
02:45 Tree of Ages
02:45 Tree of Ages
03:06 Hunter's Hall
03:36 Ancient of War
05:43 Tree of Life
06:38 Ancient Protector
07:06 Altar of Elders
07:09 Moon Well
07:53 Ancient Protector
07:54 Ancient Protector
07:54 Ancient Protector
09:37 Ancient Protector
10:02 Ancient Protector
10:02 Ancient Protector
10:51 Ancient Protector
10:51 Ancient Protector
10:51 Ancient Protector
10:52 Ancient Protector
10:53 Ancient Protector
12:13 Ancient of Wonders
12:23 Ancient of Wonders
13:25 Ancient Protector
13:38 Moon Well
13:38 Moon Well
14:02 Tree of Eternity
16:12 Ancient of Wind
16:12 Ancient of Wind
16:54 Tree of Life
» items
| Scroll of Town Portal | 1 | |
| Healing Salve | 1 | |
| Potion of Mana | 1 | |
| Potion of Divinity | 1 | |
| Stone Token | 1 | |
5 total
team 2 (loser)

»
troudcul (
pink | 80 APM | 1785 actions | 22:11)
5 Firelord
3 Summon Lava Spawn
2 Incinerate
» actions
| Assign group hotkey | 55 | |
| Basic commands | 237 | |
| Build / train | 57 | |
| ESC pressed | 2 | |
| Enter build submenu | 18 | |
| Enter hero's abilities submenu | 7 | |
| Remove unit from queue | 1 | |
| Right click | 389 | |
| Select / deselect | 313 | |
| Select group hotkey | 638 | |
| Use ability | 68 | |
1785 total
» units
| Peon | 9 | |
| Grunt | 12 | |
| Shaman | 3 | |
| Troll Witch Doctor | 3 | |
| Tauren | 7 | |
| Troll Batrider | 2 | |
36 total
» upgrades
| Pillage | 1 | |
| Melee Weapons | 2 | |
| Berserker Strength | 1 | |
| Shaman Training | 2 | |
| Witch Doctor Training | 2 | |
| Reinforced Defenses | 1 | |
| Pulverize | 1 | |
10 total
» buildings
| Altar of Storms | 1 | |
| Orc Burrow | 7 | |
| Barracks | 1 | |
| Voodoo Lounge | 1 | |
| War Mill | 1 | |
| Stronghold | 1 | |
| Spirit Lodge | 2 | |
| Fortress | 1 | |
| Tauren Totem | 2 | |
| Beastiary | 1 | |
18 total
» build order
00:04 Altar of Storms
00:18 Orc Burrow
00:51 Barracks
01:47 Orc Burrow
02:29 Voodoo Lounge
03:05 War Mill
03:31 Orc Burrow
04:58 Stronghold
05:56 Orc Burrow
08:04 Spirit Lodge
08:04 Spirit Lodge
09:07 Fortress
10:10 Orc Burrow
11:31 Tauren Totem
12:26 Tauren Totem
13:18 Orc Burrow
15:32 Orc Burrow
17:36 Beastiary
» items

»
thesharpsh0oter (
red | 30 APM | 665 actions | 22:20)
4 Crypt Lord
2 Carrion Beetles
2 Spiked Carapace
4 Dark Ranger
2 Black Arrow
2 Life Drain
» actions
| Build / train | 62 | |
| Enter build submenu | 21 | |
| Enter hero's abilities submenu | 8 | |
| Remove unit from queue | 1 | |
| Right click | 277 | |
| Select / deselect | 258 | |
| Use ability | 38 | |
665 total
» units
| Acolyte | 8 | |
| Ghoul | 5 | |
| Crypt Fiend | 6 | |
| Gargoyle | 16 | |
| Goblin Zeppelin | 1 | |
| Frost Wyrm | 1 | |
37 total
» upgrades
| Web | 1 | |
| Freezing Breath | 1 | |
| Creature Attack | 1 | |
3 total
» buildings
| Altar of Darkness | 1 | |
| Ziggurat | 8 | |
| Crypt | 2 | |
| Nerubian Tower | 1 | |
| Graveyard | 1 | |
| Spirit Tower | 5 | |
| Halls of the Dead | 1 | |
| Sacrificial Pit | 1 | |
| Black Citadel | 1 | |
| Boneyard | 2 | |
23 total
» build order
00:15 Altar of Darkness
00:23 Ziggurat
00:52 Ziggurat
01:07 Crypt
01:24 Nerubian Tower
01:48 Graveyard
02:04 Ziggurat
02:43 Ziggurat
03:18 Crypt
03:38 Ziggurat
03:52 Ziggurat
03:59 Spirit Tower
04:02 Spirit Tower
06:28 Halls of the Dead
07:39 Spirit Tower
07:41 Spirit Tower
08:08 Spirit Tower
10:58 Sacrificial Pit
11:13 Ziggurat
11:16 Ziggurat
13:05 Black Citadel
15:30 Boneyard
15:38 Boneyard
» items
| Rod of Necromancy | 1 | |
| Scroll of Town Portal | 1 | |
| Potion of Healing | 1 | |
3 total
eV.Niche (
orange | 110 APM | 2459 actions | 22:16)
4 Death Knight
2 Death Coil
2 Unholy Aura
3 Lich
2 Frost Nova
1 Frost Armor
2 Crypt Lord
1 Impale
1 Spiked Carapace
» actions
| Assign group hotkey | 35 | |
| Basic commands | 50 | |
| Build / train | 75 | |
| ESC pressed | 6 | |
| Enter build submenu | 22 | |
| Enter hero's abilities submenu | 9 | |
| Give item / drop item | 2 | |
| Remove unit from queue | 1 | |
| Right click | 1109 | |
| Select / deselect | 237 | |
| Select group hotkey | 822 | |
| Use ability | 91 | |
2459 total
» units
| Acolyte | 5 | |
| Ghoul | 2 | |
| Crypt Fiend | 12 | |
| Forest Troll Shadow Priest | 1 | |
| Forest Troll Berserker | 1 | |
| Frost Wyrm | 4 | |
| Mud Golem | 1 | |
| Obsidian Statue | 1 | |
27 total
» upgrades
| Creature Attack | 3 | |
| Web | 2 | |
| Burrow | 1 | |
| Creature Carapace | 2 | |
8 total
» buildings
| Graveyard | 1 | |
| Crypt | 1 | |
| Altar of Darkness | 1 | |
| Ziggurat | 6 | |
| Tomb of Relics | 1 | |
| Halls of the Dead | 1 | |
| Nerubian Tower | 1 | |
| Sacrificial Pit | 1 | |
| Black Citadel | 5 | |
| Boneyard | 3 | |
| Slaughterhouse | 1 | |
| Spirit Tower | 1 | |
23 total
» build order
00:18 Graveyard
00:25 Crypt
00:34 Altar of Darkness
01:03 Ziggurat
01:42 Tomb of Relics
02:07 Ziggurat
03:59 Halls of the Dead
04:11 Ziggurat
05:26 Nerubian Tower
06:27 Ziggurat
08:36 Sacrificial Pit
09:12 Black Citadel
09:12 Black Citadel
09:12 Black Citadel
11:49 Boneyard
11:52 Boneyard
12:32 Boneyard
12:36 Ziggurat
13:30 Slaughterhouse
15:59 Ziggurat
16:02 Spirit Tower
» items
| Rod of Necromancy | 1 | |
| Potion of Healing | 2 | |
| Dust of Appearance | 1 | |
| Scroll of Town Portal | 2 | |
| Orb of Corruption | 1 | |
| Scroll of Healing | 1 | |
8 total
Geo[HOT] (
teal | 45 APM | 999 actions | 22:20)
2 Blademaster
1 Wind Walk
1 Critical Strike
3 Shadow Hunter
2 Healing Wave
1 Hex
» actions
| Assign group hotkey | 14 | |
| Basic commands | 68 | |
| Build / train | 57 | |
| Enter build submenu | 26 | |
| Enter hero's abilities submenu | 5 | |
| Give item / drop item | 1 | |
| Remove unit from queue | 1 | |
| Right click | 446 | |
| Select / deselect | 172 | |
| Select group hotkey | 159 | |
| Use ability | 50 | |
999 total
» units
| Peon | 10 | |
| Grunt | 2 | |
| Troll Headhunter/Berserker | 9 | |
| Shaman | 5 | |
| Tauren | 2 | |
28 total
» upgrades
| Spiked Barricades | 3 | |
| Troll Regeneration | 1 | |
| Berserker Strength | 1 | |
| Ranged Weapons | 1 | |
| Berserker Upgrade | 1 | |
| Shaman Training | 2 | |
| Reinforced Defenses | 1 | |
| Pulverize | 1 | |
| Witch Doctor Training | 1 | |
12 total
» buildings
| Orc Burrow | 8 | |
| Altar of Storms | 1 | |
| War Mill | 1 | |
| Barracks | 1 | |
| Voodoo Lounge | 2 | |
| Stronghold | 1 | |
| Watch Tower | 9 | |
| Fortress | 1 | |
| Spirit Lodge | 1 | |
| Tauren Totem | 2 | |
27 total
» build order
00:14 Orc Burrow
00:28 Altar of Storms
00:46 Orc Burrow
01:33 War Mill
01:56 Barracks
02:32 Voodoo Lounge
02:58 Stronghold
03:19 Orc Burrow
04:54 Watch Tower
05:13 Watch Tower
05:51 Fortress
06:26 Spirit Lodge
07:58 Watch Tower
08:09 Orc Burrow
10:54 Voodoo Lounge
10:58 Watch Tower
13:12 Tauren Totem
13:22 Tauren Totem
14:23 Orc Burrow
14:46 Watch Tower
15:29 Watch Tower
15:36 Watch Tower
16:46 Orc Burrow
16:49 Orc Burrow
17:03 Watch Tower
17:44 Watch Tower
18:51 Orc Burrow
» items
| Healing Salve | 3 | |
| Scroll of Town Portal | 2 | |
| Orb of Lightning | 1 | |
| Potion of Healing | 1 | |
7 total
Chat log
(00:26 / Allies) MyDiccsBigTho: bitch i see you
(00:33 / Allies) send_2_hell: ME TO FRIEND
(01:14 / All) ESPECIALLY_DRUN: give up team 2, and i promise, your deaths shall be swift
(01:24 / All) MyDiccsBigTho: truth
(01:33 / All) thesharpsh0oter: we are team 1
(01:38 / All) Geo[HOT]: ty gay bitch
(01:49 / All) send_2_hell: YOU WHANT TO SACRIFIECED
(01:57 / All) thesharpsh0oter: speak english
(02:01 / All) ESPECIALLY_DRUN: every team im on is team 1, cuz im a damn rebel without a cause
(02:04 / All) send_2_hell: i M A SPEACK
(02:20 / All) Geo[HOT]: gay rebel
(02:43 / Allies) LoUiSvUtToN: gold
(02:45 / Allies) LoUiSvUtToN: wood plz
(03:14 / Allies) ESPECIALLY_DRUN: lets creep middle in 3 min
(03:23 / Allies) MyDiccsBigTho: aight den
(04:20 / Allies) ESPECIALLY_DRUN: come gentlemen
(04:37 / Allies) MyDiccsBigTho: make more room
(04:42 / Allies) MyDiccsBigTho: well nvm
(04:52 / Allies) MyDiccsBigTho: ah
(06:13 / Allies) ESPECIALLY_DRUN: these creeps are alot easier than one would think
(06:28 / Allies) ESPECIALLY_DRUN: somebody take 2nd mine or me?
(06:33 / Allies) MyDiccsBigTho: me..
(06:48 / Allies) MyDiccsBigTho: wow
(06:49 / Allies) MyDiccsBigTho: tp
(06:50 / Allies) MyDiccsBigTho: tp
(07:55 / Allies) MyDiccsBigTho: counter O_o?
(09:09 / All) MyDiccsBigTho: u all tower like jews
(09:21 / All) thesharpsh0oter: the jews towerd?
(09:33 / All) MyDiccsBigTho: yea son.
(09:42 / All) LoUiSvUtToN: we lost?
(09:43 / All) Geo[HOT]: run lol
(09:46 / All) Geo[HOT]: go defend
(09:49 / All) Geo[HOT]: hahaha
(09:57 / All) MyDiccsBigTho: no shit dumbass
(11:35 / Allies) MyDiccsBigTho: thanks
(11:38 / All) send_2_hell: TX
(12:11 / Allies) MyDiccsBigTho: fuckin bitch
(12:15 / Allies) MyDiccsBigTho: wood plzz
(12:30 / Allies) MyDiccsBigTho: i told these damn peons to build tauren totems
(12:36 / Allies) MyDiccsBigTho: and they DISOBEYED...
(12:45 / Allies) LoUiSvUtToN: heakl me
(14:11 / Allies) MyDiccsBigTho: blue you doin chims?
(14:21 / Allies) ESPECIALLY_DRUN: just feedin to be honest im so lazy
(14:28 / Allies) MyDiccsBigTho: the fuck
(14:56 / Allies) LoUiSvUtToN: gold\
(15:21 / Allies) MyDiccsBigTho: greeeeen
(16:26 / Allies) LoUiSvUtToN: fuck upkeep
(16:29 / Allies) LoUiSvUtToN: i get so little g
(17:06 / Allies) MyDiccsBigTho: attack?
(17:57 / Allies) MyDiccsBigTho: hitt?
(18:40 / All) thesharpsh0oter: u guys have been busy havnt u
(18:55 / All) ESPECIALLY_DRUN: we creeped it in first 2 min
(19:06 / Allies) MyDiccsBigTho: lets do this